 Dungeon Crawl Stone Soup version 0.27-a0-279-gdfb9265905 (webtiles) character file.

Game seed: 9323878143644105194

116805 epen the Thaumaturge (level 16, -2/123 (125) HPs)
             Began as a Gnoll Summoner on Feb 3, 2021.
             Was the Champion of Okawaru.
             Killed from afar by a deep elf knight (28 damage)
             ... with a shard of ice
             ... on level 2 of the Elven Halls on Feb 7, 2021.
             The game lasted 01:48:57 (37332 turns).

epen the Thaumaturge (Gnoll Summoner)              Turns: 37332, Time: 01:48:57

HP:   -2/123 (125)  AC: 21    Str: 11    XL:     16   Next: 72%
MP:   31/31         EV: 27    Int: 18    God:    Okawaru [******]
Gold: 1011          SH: 11    Dex: 20    Spells: 15/38 levels left

rFire    . . .     SeeInvis .   W - +7 demon blade (flame)
rCold    . . .     Faith    .   Q - +3 buckler "Yxze Acho" {rPois Str-3 Int+4 Dex+5}
rNeg     . . .     Spirit   .   z - +1 steam dragon scales
rPois    +         Reflect  .   q - +2 helmet
rElec    .         Harm     .   t - +0 cloak
rCorr    .         Rampage  .   O - +1 pair of gloves {Dex+3}
Will     +....                  U - +0 pair of boots
Stlth    +++++.....             i - amulet of regeneration
HPRegen  0.70/turn              w - +4 ring of protection
MPRegen  0.22/turn              R - +4 ring of evasion

@: lightly drained
A: distributed training, fangs 1, clumsy 1, wild magic 1, strong nose
a: Renounce Religion, Heroism, Finesse


You were on level 2 of the Elven Halls.
You worshipped Okawaru.
Okawaru was exalted by your worship.
You visited 5 branches of the dungeon, and saw 26 of its levels.
You visited the Abyss 2 times.
You also visited: Ice Cave.

You collected 2207 gold pieces.
You spent 1196 gold pieces at shops.

Inventory:

Hand Weapons
 W - a +7 demon blade of flaming (weapon)
Missiles
 a - 13 datura-tipped darts
 N - 8 javelins
Armour
 p - a +2 kite shield of protection
 q - a +2 helmet (worn)
 t - a +0 cloak (worn)
 z - +1 steam dragon scales (worn)
 O - a +1 pair of gloves of dexterity (worn)
 Q - the +3 buckler "Yxze Acho" (worn) {rPois Str-3 Int+4 Dex+5}
   (Okawaru gifted it to you on level 2 of the Elven Halls)

   It affects your strength (-3).
   It affects your intelligence (+4).
   It affects your dexterity (+5).
   It protects you from poison.
 U - a +0 pair of boots (worn)
Jewellery
 c - an uncursed ring of protection from fire
 d - an uncursed ring of poison resistance
 i - an amulet of regeneration (around neck)
 u - an uncursed amulet of guardian spirit
 w - a +4 ring of protection (left hand)
 y - an uncursed amulet of the acrobat {unknown}
 E - an uncursed ring of wizardry
 M - an uncursed ring of willpower
 R - a +4 ring of evasion (right hand)
 T - an uncursed ring of resist corrosion
 V - an uncursed ring of flight
Wands
 G - a wand of flame (46)
 H - a wand of digging (5)
 I - a wand of paralysis (8)
 K - a wand of acid (6)
 Y - a wand of iceblast (11)
Scrolls
 h - 4 scrolls of amnesia
 j - 10 scrolls of remove curse
 k - 2 scrolls of teleportation
 l - 2 scrolls of fog
 m - a scroll of summoning
 n - 2 scrolls of identify
 v - a scroll of enchant armour
 x - a scroll of magic mapping
 S - a scroll of fear
Potions
 b - 4 potions of mutation
 e - 3 potions of haste
 f - a potion of resistance
 g - 5 potions of invisibility
 o - 2 potions of flight
 s - 5 potions of curing
 A - 4 potions of might
 B - 2 potions of magic
 D - 3 potions of cancellation
 F - 7 potions of attraction
 J - 3 potions of berserk rage
 L - 2 potions of brilliance
 P - 5 potions of heal wounds
 Z - a potion of ambrosia {unknown}
Miscellaneous
 r - a lightning rod (4/4)
 C - a condenser vane
 X - a condenser vane


   Skills:
 + Level 11.0 Fighting
 + Level 11.0 Short Blades
 + Level 11.0 Long Blades
 + Level 11.0 Axes
 + Level 11.0 Maces & Flails
 + Level 11.0 Polearms
 + Level 11.0 Staves
 + Level 11.0 Slings
 + Level 11.0 Bows
 + Level 11.0 Crossbows
 + Level 11.0 Throwing
 + Level 11.0 Armour
 + Level 11.8 Dodging
 + Level 11.7 Stealth
 + Level 11.0 Shields
 + Level 11.0 Unarmed Combat
 + Level 11.9 Spellcasting
 + Level 9.3 Conjurations
 + Level 9.3 Hexes
 + Level 11.5 Summonings
 + Level 9.3 Necromancy
 + Level 9.3 Translocations
 + Level 9.3 Transmutations
 + Level 9.3 Fire Magic
 + Level 9.3 Ice Magic
 + Level 9.3 Air Magic
 + Level 9.3 Earth Magic
 + Level 9.3 Poison Magic
 + Level 11.9 Invocations
 + Level 11.0 Evocations


You had 15 spell levels left.
You knew the following spells:

 Your Spells              Type           Power        Failure   Level
a - Blink                 Tloc           N/A          1%          2
b - Call Imp              Summ           62%          1%          2
c - Call Canine Familiar  Summ           62%          1%          3
d - Summon Guardian Gole  Hex/Summ       58%          1%          3
e - Summon Ice Beast      Ice/Summ       58%          1%          4
f - Summon Lightning Spi  Summ/Air       58%          1%          4
g - Fireball              Conj/Fire      27%          6%          5

Your spell library contained the following spells:

 Spells                   Type           Power        Failure   Level
 Animate Skeleton         Necr           100%         1%          1
 Apportation              Tloc           100%         1%          1
 Beastly Appendage        Tmut           100%         1%          1
 Corona                   Hex            61%          1%          1
 Foxfire                  Conj/Fire      100%         1%          1
 Magic Dart               Conj           100%         1%          1
 Pain                     Necr           100%         1%          1
 Shock                    Conj/Air       100%         1%          1
 Summon Small Mammal      Summ           100%         1%          1
 Corpse Rot               Necr/Air       N/A          1%          2
 Ensorcelled Hibernation  Hex/Ice        100%         1%          2
 Slow                     Hex            55%          1%          2
 Sublimation of Blood     Necr           27%          1%          2
 Swiftness                Air            55%          1%          2
 Wereblood                Tmut           55%          1%          2
 Confusing Touch          Hex            55%          1%          3
 Conjure Flame            Conj/Fire      55%          1%          3
 Dazzling Flash           Conj/Hex       100%         1%          3
 Inner Flame              Hex/Fire       55%          1%          3
 Mephitic Cloud           Conj/Pois/Air  55%          1%          3
 Spider Form              Tmut/Pois      27%          1%          3
 Static Discharge         Conj/Air       55%          1%          3
 Tukima's Dance           Hex            55%          1%          3
 Vampiric Draining        Necr           27%          1%          3
 Airstrike                Air            27%          2%          4
 Animate Dead             Necr           27%          2%          4
 Dispel Undead            Necr           55%          2%          4
 Ice Form                 Ice/Tmut       55%          2%          4
 Petrify                  Tmut/Erth      55%          2%          4
 Sticky Flame             Conj/Fire      55%          2%          4
 Summon Forest            Summ/Tloc      29%          4%          5
 Summon Mana Viper        Hex/Summ       58%          4%          5
 Agony                    Necr           55%          6%          5
 Blade Hands              Tmut           27%          6%          5
 Excruciating Wounds      Necr           27%          6%          5
 Lightning Bolt           Conj/Air       27%          6%          5
 Metabolic Englaciation   Hex/Ice        27%          6%          5
 Freezing Cloud           Conj/Ice/Air   27%          30%         6
 Simulacrum               Ice/Necr       27%          30%         6
 Ozocubu's Refrigeration  Ice            27%          82%         7


Dungeon Overview and Level Annotations

Branches:
Dungeon (15/15)            Temple (1/1) D:5            Lair (6/6) D:8
 Shoals (0/4) Lair:4        Snake (0/4) Lair:4        Slime (0/5) Lair:5
    Orc (2/2) D:11            Elf (2/3) Orc:2        Vaults (0/5) D:13
 Depths (0/5) D:15          IceCv (visited)

Altars:
Ashenzari
Cheibriados
Dithmenos
Elyvilon
Fedhas
Gozag
Hepliaklqana
Kikubaaqudgha
Makhleb
Nemelex Xobeh
Okawaru
Qazlal
Ru
Sif Muna
Trog
Uskayaw
Vehumet
Wu Jian
Xom
Yredelemnul
Zin
The Shining One
Beogh

Shops:
D:4 [*   D:14 (   D:15 [   Orc:2 [?(

Annotations:
D:8 3 runed translucent doors
Lair:4 1 exclusion
Orc:1 3 runed translucent doors, 1 transporter, Useleul's ghost, adept KoBe
Abyss:1 Rupert


Innate Abilities, Weirdness & Mutations

Your experience applies equally to all skills.
You have very sharp teeth.
Your uncanny sense of smell can sniff out nearby items.
You are clumsy. (Dex -2)
Your spells are a little harder to cast, but a little more powerful.


Message History

You hear some strange, mumbled words.
A shard of ice appears from out of thin air!
You block the shard of ice.
The deep elf archer unwields a +0 dagger.
The deep elf archer wields a +0 shortbow.
The deep elf archer shoots an arrow.
The arrow hits you!
You hear some strange, mumbled words.
A lance of force appears from out of thin air!
You block the lance of force.
You barely miss something.
You hear some strange, mumbled words.
A lance of force appears from out of thin air!
The lance of force hits you!!
You are knocked back by the lance of force.
You slam into the rock wall!
* * * LOW HITPOINT WARNING * * *
You hear some strange, mumbled words.
A shard of ice appears from out of thin air!
The shard of ice hits you!!
You die...

,,.....)..e.............#.#....#.
,,..###...#.#####........##....##
,,.......#..# *,.>.......§.....
,,........#.## *...(.....#......
**..#.#..##e{## *.........ee.....
,,...<...*#)#.#**.........se..##.
,,..#.#..,#.##.#*,..............#
,,..[....,..#*#.##.........e...##
,,,......##.####@.####.........##
,,,,...,,........................
,,,,,,*,*##.###.#.##.##.......###
,,,,,,*,**#.##.##.#,*##.#.....#
,,,,,,,,,,.........*##..###...#
,,,,,,,,,,*..####.###..## #####
**,,,,,,,,...##....#..##
*,,,,,,,,.##.......e##
**,∩,∩,,,,*#.)......#


You could see a deep elf knight.

Vanquished Creatures
  Kirke (D:14)
  Azrael (D:13)
  A deep elf death mage (Elf:1)
  A yaktaur captain (D:15)
  A great orb of eyes (shapeshifter) (Elf:1)
  5 centaur warriors
  5 hydras
  3 boulder beetles
  A death knight (D:15)
  A satyr (shapeshifter) (D:13)
  3 two-headed ogres
  4 tengu warriors
  6 dancing weapons
  6 orc high priests
  5 deep elf knights
  A glowing orange brain (Abyss:2)
  5 deep elf archers
  A wizard (D:14)
  A deep troll (D:15)
  19 deep elf zephyrmancers
  2 orc knights
  16 deep elf pyromancers
  A wolf spider zombie (D:13)
  3 orc sorcerers
  5 ugly things
  A cyclops (D:13)
  3 manticores
  5 elephants
  7 black mambas
  Joseph (D:7)
  3 torpor snails
  8 cane toads
  A water nymph (shapeshifter) (Elf:1)
  2 gargoyles (D:11)
  5 centaur skeletons
  3 freezing wraiths (D:15)
  4 rime drakes
  4 komodo dragons
  A tengu conjurer (D:15)
  An efreet (D:13)
  A harpy zombie (D:15)
  2 merfolk (Lair:4)
  A troll (shapeshifter) (D:15)
  4 polar bears (Lair:6)
  2 large abominations
  6 trolls
  4 blink frogs
  6 hornets (Lair:6)
  3 slime creatures (D:13)
  A dream sheep (shapeshifter) (D:13)
  A dream sheep (Lair:4)
  A raiju (Abyss:2)
  A centaur simulacrum (D:15)
  13 spriggans (Lair:6)
  8 redbacks
  A yak (shapeshifter) (D:15)
  13 yaks
  4 wraiths
  2 shadows
  2 air elementals
  10 wyverns
  2 hogs (D:14)
  A ynoxinul (Abyss:2)
  2 small abominations (Abyss:2)
  4 basilisks
  8 fire elementals
  A vampire mosquito (D:13)
  11 wargs
  3 soldier ants
  An acid dragon (D:13)
  4 hell hounds
  11 water moccasins
  21 orc warriors
  4 black bears
  12 ice beasts
  An eye of draining (D:14)
  3 sky beasts
  3 boggarts (Lair:6)
  An alligator simulacrum (IceCv)
  24 wolves
  10 centaurs
  16 ogres
  3 phantoms
  2 big kobolds (D:11)
  11 bullfrogs
  2 earth elementals (Elf:2)
  2 gnoll sergeants
  A water moccasin zombie (D:7)
  4 scorpions
  3 killer bees
  11 wights
  An electric eel (Lair:6)
  5 howler monkeys
  2 quasits
  7 centaur zombies
  36 orc priests
  A bullfrog zombie (D:13)
  5 jellies
  5 hounds
  Crazy Yiuf (D:2)
  A bullfrog skeleton (D:7)
  5 iguanas
  27 orc wizards
  5 hell rats (Lair:1)
  13 worker ants
  A killer bee zombie (D:5)
  A hound skeleton (D:4)
  2 worker ant zombies
  9 gnolls
  4 river rats (Lair:1)
  20 adders
  A shadow imp (D:5)
  A white imp (D:8)
  An ufetubus (D:5)
  3 oozes
  An adder skeleton (D:6)
  4 adder zombies
  3 worms
  A dart slug (D:2)
  3 leopard geckos
  74 orcs
  9 giant cockroaches
  7 goblins
  6 hobgoblins
  6 jackals
  4 kobolds
  3 quokkas
  A ball python (D:5)
  11 bats
  A frilled lizard (D:2)
  A jackal skeleton (D:4)
  A leopard gecko zombie (D:5)
  9 rats
717 creatures vanquished.

Vanquished Creatures (collateral kills)
  8 hydras
  3 two-headed ogres
  An orc high priest (Orc:2)
  Nergalle (Lair:2)
  An unseen horror (D:13)
  An orc knight (Orc:1)
  4 elephants (Lair:6)
  2 merfolk sirens (Lair:4)
  A cane toad (Lair:5)
  A rime drake (Lair:6)
  4 komodo dragons
  A polar bear (Lair:6)
  Grinder (D:5)
  2 blink frogs (Lair:5)
  A dream sheep (Lair:5)
  Sigmund (D:4)
  A spriggan (Lair:6)
  3 hogs (D:14)
  A warg (Orc:1)
  2 water moccasins (Lair:6)
  3 sky beasts
  4 orc warriors
  3 ice beasts (D:11)
  A black bear (D:8)
  5 wolves (Lair:6)
  A boggart (Lair:6)
  A centaur (D:8)
  A phantom (D:7)
  2 bullfrogs
  A wyvern skeleton (D:8)
  2 wights (D:8)
  2 hounds (D:10)
  11 orc priests
  A bullfrog skeleton (D:5)
  An iguana (D:5)
  3 orc wizards
  A polar bear simulacrum (IceCv)
  A nameless horror (D:10)
  A hound zombie (D:5)
  Robin (D:2)
  2 gnolls (Orc:1)
  3 adders
  3 oozes (Lair:5)
  22 orcs
  A ball python (D:1)
  4 hobgoblins (D:2)
  2 jackals (D:8)
  2 kobolds (D:1)
  A bat (D:1)
  3 frilled lizards
  3 goblins
  A leopard gecko zombie (D:5)
133 creatures vanquished.

Vanquished Creatures (others)
  A deep elf knight (Elf:1)
  A komodo dragon (D:8)
  A bullfrog (D:13)
  A jelly (D:10)
  An orc wizard (Orc:2)
  2 worker ants (D:5)
  An orc (D:5)
  A bush (Lair:6)
  A fire vortex (Lair:6)
  35 fungi
  113 plants
  6 starspawn tentacles
164 creatures vanquished.

Grand Total: 1014 creatures vanquished

Notes
Turn   | Place    | Note
-------+----------+-------------------------------------------
     0 | D:1      | epen the Gnoll Summoner began the quest for the Orb.
     0 | D:1      | Reached XP level 1. HP: 13/13 MP: 6/6
   992 | D:1      | Reached XP level 2. HP: 19/19 MP: 5/7
  1585 | D:2      | Reached XP level 3. HP: 25/25 MP: 9/9
  1602 | D:2      | Reached skill level 5 in Spellcasting
  1608 | D:2      | Learned a level 2 spell: Call Imp
  1707 | D:2      | Reached skill level 1 in Invocations
  2096 | D:2      | Noticed Robin
  2356 | D:2      | Reached skill level 1 in Fighting
  2356 | D:2      | Reached skill level 1 in Short Blades
  2356 | D:2      | Reached skill level 1 in Long Blades
  2356 | D:2      | Reached skill level 1 in Axes
  2356 | D:2      | Reached skill level 1 in Maces & Flails
  2356 | D:2      | Reached skill level 1 in Polearms
  2356 | D:2      | Reached skill level 1 in Staves
  2356 | D:2      | Reached skill level 1 in Slings
  2356 | D:2      | Reached skill level 1 in Bows
  2356 | D:2      | Reached skill level 1 in Crossbows
  2356 | D:2      | Reached skill level 1 in Throwing
  2356 | D:2      | Reached skill level 1 in Armour
  2356 | D:2      | Reached skill level 1 in Shields
  2356 | D:2      | Reached skill level 1 in Unarmed Combat
  2356 | D:2      | Reached skill level 1 in Evocations
  2571 | D:2      | Reached XP level 4. HP: 28/32 MP: 11/11
  2610 | D:2      | Killed Robin
  3209 | D:2      | Found a runed translucent door.
  3210 | D:2      | Noticed Crazy Yiuf
  3485 | D:2      | Killed Crazy Yiuf
  3486 | D:2      | Reached skill level 1 in Conjurations
  3486 | D:2      | Reached skill level 1 in Hexes
  3486 | D:2      | Reached skill level 1 in Necromancy
  3486 | D:2      | Reached skill level 1 in Translocations
  3486 | D:2      | Reached skill level 1 in Transmutations
  3486 | D:2      | Reached skill level 1 in Fire Magic
  3486 | D:2      | Reached skill level 1 in Ice Magic
  3486 | D:2      | Reached skill level 1 in Air Magic
  3486 | D:2      | Reached skill level 1 in Earth Magic
  3486 | D:2      | Reached skill level 1 in Poison Magic
  3674 | D:3      | Reached XP level 5. HP: 37/37 MP: 12/12
  3724 | D:3      | Found a stormy altar of Qazlal.
  3967 | D:3      | Noticed an ogre
  3976 | D:3      | Killed an ogre
  4139 | D:3      | Reached XP level 6. HP: 25/44 MP: 4/13
  4378 | D:3      | Found a burning altar of Makhleb.
  4905 | D:4      | Noticed Sigmund
  4912 | D:4      | Killed Sigmund
  4913 | D:4      | Reached skill level 5 in Dodging
  4995 | D:4      | Found Lazeat's Antique Armour Boutique.
  4997 | D:4      | Found Kuoza's Assorted Antiques.
  5366 | D:4      | Reached XP level 7. HP: 50/50 MP: 15/15
  5668 | D:5      | Entered Level 5 of the Dungeon
  6008 | D:5      | Noticed Grinder
  6130 | D:5      | Paralysed by Grinder for 5 turns
  6446 | D:4      | Reached skill level 5 in Stealth
  6514 | D:5      | Killed Grinder
  6515 | D:5      | Reached XP level 8. HP: 58/58 MP: 10/16
  6621 | D:5      | Found a shimmering altar of Xom.
  6724 | D:5      | Learned a level 3 spell: Call Canine Familiar
  7116 | D:5      | Found a staircase to the Ecumenical Temple.
  7169 | Temple   | Entered the Ecumenical Temple
  7519 | D:5      | Found an ornate altar of the Wu Jian Council.
  7611 | D:5      | Found a snail-covered altar of Cheibriados.
  7677 | D:5      | Found a glowing silver altar of Zin.
  7685 | D:5      | Found a shimmering blue altar of Sif Muna.
  7690 | D:5      | Found a hazy altar of Hepliaklqana.
  7697 | D:5      | Found a blossoming altar of Fedhas.
  7703 | D:5      | Found a broken altar of Ashenzari.
  7711 | D:5      | Found an iron altar of Okawaru.
  7716 | D:5      | Found a shimmering altar of Xom.
  7722 | D:5      | Became a worshipper of Warmaster Okawaru
  8198 | D:6      | Reached * piety under Okawaru
  8199 | D:6      | Reached XP level 9. HP: 65/65 MP: 11/18
  8552 | D:6      | Found a stormy altar of Qazlal.
  8728 | D:7      | Noticed Joseph
  8745 | D:7      | Killed Joseph
  9254 | D:7      | Reached ** piety under Okawaru
  9478 | D:7      | Learned a level 3 spell: Summon Guardian Golem
  9502 | D:8      | Noticed a komodo dragon
  9524 | D:8      | Killed a komodo dragon
  9525 | D:8      | Reached skill level 5 in Invocations
  9675 | D:8      | Reached XP level 10. HP: 66/73 MP: 15/20
  9696 | D:8      | Reached *** piety under Okawaru
  9835 | D:8      | Found a runed translucent gate.
  9835 | D:8      | Found a runed translucent gate.
  9835 | D:8      | Found a runed translucent gate.
  9848 | D:8      | Noticed a brown ugly thing
  9851 | D:8      | Noticed a cyan ugly thing
  9851 | D:8      | Noticed a brown ugly thing
  9852 | D:8      | Noticed a purple very ugly thing
  9852 | D:8      | Noticed a brown ugly thing
  9887 | D:8      | Reached skill level 5 in Fighting
  9887 | D:8      | Reached skill level 5 in Short Blades
  9887 | D:8      | Reached skill level 5 in Long Blades
  9887 | D:8      | Reached skill level 5 in Axes
  9887 | D:8      | Reached skill level 5 in Maces & Flails
  9887 | D:8      | Reached skill level 5 in Polearms
  9887 | D:8      | Reached skill level 5 in Staves
  9887 | D:8      | Reached skill level 5 in Slings
  9887 | D:8      | Reached skill level 5 in Bows
  9887 | D:8      | Reached skill level 5 in Crossbows
  9887 | D:8      | Reached skill level 5 in Throwing
  9887 | D:8      | Reached skill level 5 in Armour
  9887 | D:8      | Reached skill level 5 in Shields
  9887 | D:8      | Reached skill level 5 in Unarmed Combat
  9887 | D:8      | Reached skill level 5 in Evocations
  9968 | D:8      | namelastname112: заходят в бар вайт имп, кримзон имп и
                  | хаунд
  9971 | D:8      | namelastname112: а бармен читает абжурейншн
 10365 | D:8      | epen: нельзя так
 10374 | D:8      | Found a staircase to the Lair.
 11106 | D:9      | namelastname112: спайр учи
 11111 | D:9      | Learned a level 4 spell: Summon Ice Beast
 11111 | D:9      | namelastname112: хули думаешь
 11196 | D:9      | Found a bloodstained altar of Trog.
 11353 | D:9      | Received a gift from Okawaru
 11485 | D:10     | Entered Level 10 of the Dungeon
 11546 | D:10     | namelastname112: >суммонер окавару
 11605 | D:9      | namelastname112: что это за хуйня
 11619 | D:9      | namelastname112: за тобой бежала
 11619 | D:9      | epen: nameless horror
 11619 | D:9      | namelastname112: открой лог
 11619 | D:9      | epen: бля
 11619 | D:9      | namelastname112: ктрл p
 11619 | D:9      | epen: забыл
 11619 | D:9      | epen: это мис каст
 11619 | D:9      | namelastname112: выше
 11619 | D:9      | epen: вон
 11619 | D:9      | epen: где айс биста звал
 11619 | D:9      | namelastname112: ??nameless horror
 11619 | D:9      | beem: nameless horror[1/2]: A monster generated by
                  | summoning miscasts. It has an antimagic attack and
                  | abjuration. HD scales with severity of miscast.
 11619 | D:9      | namelastname112: ??nameless horror [2
 11619 | D:9      | beem: miscast[2/2]: For actual miscast severity
                  | distribution as of the 0.25 miscast rework, see
                  | https://anydice.com/program/1b8a3. Follow the instructions
                  | in the comments there.
 11619 | D:9      | namelastname112: ??summonings miscast
 11619 | D:9      | beem: summonings miscast[1/1]: 1: 5-13 dmg / spatial vortex
                  | / imp 2: 2-4 spatial vorts / common demon / (0.15 and
                  | earlier) 2-3 lesser (0.16+) 2-4 small abom 3: (0.15 and
                  | earlier) small abomination (0.16+) 1-3 worldbinders /
                  | greater demon / 2-3 common / banish / hostile malign
                  | gateway
 11674 | D:10     | namelastname112: суки обновите лерндб
 11783 | D:10     | Noticed a two-headed ogre
 11813 | D:9      | Killed a two-headed ogre
 11813 | D:9      | Reached **** piety under Okawaru
 11975 | D:10     | Learned a level 4 spell: Summon Lightning Spire
 12011 | D:10     | Noticed a two-headed ogre
 12028 | D:10     | Killed a two-headed ogre
 12032 | D:10     | namelastname112: погоди
 12032 | D:10     | epen: он теперь рандомно ставится
 12032 | D:10     | epen: лол
 12032 | D:10     | namelastname112: а спайр теперь рандомно
 12032 | D:10     | namelastname112: пизда
 12034 | D:10     | namelastname112: ебать кал говна
 12039 | D:10     | epen: Ебать это теперь говно
 12039 | D:10     | epen: Не спрятатся \
 12039 | D:10     | namelastname112: в коридоре скастовал
 12039 | D:10     | epen: не спрятаться
 12039 | D:10     | epen: нихуя
 12039 | D:10     | namelastname112: запер себя нахуй
 12041 | D:10     | Received a gift from Okawaru
 12169 | D:10     | Reached XP level 11. HP: 80/81 MP: 14/22
 12396 | D:4      | Bought a pair of runed boots for 180 gold pieces
 12401 | D:4      | epen: Сукаааа
 12401 | D:4      | epen: Ебать наебка века
 12401 | D:4      | epen: за 180 сапоги блять
 12401 | D:4      | namelastname112: куоза зовут торговца
 12401 | D:4      | namelastname112: жид наверное
 12401 | D:4      | namelastname112: или еще хуже
 12401 | D:4      | namelastname112: тенгу
 12688 | D:10     | Reached ***** piety under Okawaru
 12893 | D:11     | namelastname112: портал в сибирь
 12894 | D:11     | epen: я короче чуть позже зайду
 12894 | D:11     | Upgraded the game from 0.27-a0-249-g74f53ef629 to
                  | 0.27-a0-262-gc50aac273e
 12941 | D:11     | Found a frozen archway.
 13006 | D:11     | Reached skill level 5 in Conjurations
 13006 | D:11     | Reached skill level 5 in Hexes
 13006 | D:11     | Reached skill level 5 in Necromancy
 13006 | D:11     | Reached skill level 5 in Translocations
 13006 | D:11     | Reached skill level 5 in Transmutations
 13006 | D:11     | Reached skill level 5 in Fire Magic
 13006 | D:11     | Reached skill level 5 in Ice Magic
 13006 | D:11     | Reached skill level 5 in Air Magic
 13006 | D:11     | Reached skill level 5 in Earth Magic
 13006 | D:11     | Reached skill level 5 in Poison Magic
 13105 | IceCv    | Entered an ice cave
 13292 | D:11     | Received a gift from Okawaru
 13355 | D:11     | Noticed a six-headed hydra
 13479 | D:10     | Upgraded the game from 0.27-a0-262-gc50aac273e to
                  | 0.27-a0-277-g024f7ef292
 13911 | D:11     | Cast into level 1 of the Abyss (orc warrior)
 13971 | Abyss:1  | Noticed a wretched star
 13989 | Abyss:1  | Found a corrupted altar of Lugonu.
 14016 | Abyss:1  | Noticed a spatial maelstrom
 14050 | Abyss:1  | Noticed a dread lich
 14068 | Abyss:1  | Noticed a tentacled starspawn
 14114 | Abyss:1  | Noticed a tentacled starspawn
 14167 | D:11     | Escaped the Abyss
 14500 | D:11     | Noticed an eight-headed hydra
 14572 | D:11     | Killed an eight-headed hydra
 14800 | D:11     | Noticed a green ugly thing
 14816 | D:11     | Killed a green ugly thing
 14884 | D:11     | Noticed a two-headed ogre
 15221 | D:11     | Killed a two-headed ogre
 15608 | D:11     | Found a staircase to the Orcish Mines.
 15664 | D:11     | Reached XP level 12. HP: 80/89 MP: 24/24
 15686 | D:11     | Learned a level 5 spell: Fireball
 15927 | Lair:1   | Entered Level 1 of the Lair of Beasts
 15932 | Lair:1   | Noticed an eight-headed hydra
 16132 | Lair:2   | Noticed a five-headed hydra
 16140 | Lair:2   | Noticed Nergalle
 16462 | Lair:1   | Killed a 12-headed hydra
 16462 | Lair:1   | Received a gift from Okawaru
 16720 | Lair:1   | You fall into a shaft and drop 1 floor!
 16810 | Lair:2   | Received a gift from Okawaru
 17106 | Lair:2   | Killed a seven-headed hydra
 18088 | Lair:2   | Found a snail-covered altar of Cheibriados.
 18100 | Lair:2   | Received a gift from Okawaru
 18343 | Lair:2   | Killed Nergalle
 18556 | Lair:3   | Received a gift from Okawaru
 19598 | Lair:4   | Received a gift from Okawaru
 19698 | Lair:4   | Found a staircase to the Shoals.
 19755 | Lair:4   | Found a staircase to the Snake Pit.
 20060 | Lair:4   | Noticed a death yak
 20060 | Lair:4   | Noticed a four-headed hydra
 20060 | Lair:4   | Noticed a seven-headed hydra
 20100 | Lair:4   | Noticed a boulder beetle
 20116 | Lair:4   | Banished a boulder beetle
 20199 | Lair:4   | Reached XP level 13. HP: 93/98 MP: 26/26
 20650 | Lair:4   | You fall into a shaft and drop 1 floor!
 20995 | Lair:5   | Reached ****** piety under Okawaru
 21033 | Lair:5   | Noticed Rupert
 21299 | Lair:5   | Banished Rupert
 21480 | Lair:4   | Received a gift from Okawaru
 21731 | Lair:5   | Reached skill level 10 in Summonings
 21841 | Lair:5   | Found a staircase to the Slime Pits.
 22557 | Lair:6   | Entered Level 6 of the Lair of Beasts
 22746 | Lair:6   | Received a gift from Okawaru
 22758 | Lair:6   | Got a faintly humming hat {god gift}
 22769 | Lair:6   | Identified the +0 hat of Okawaru's Hope {+Blink rC+}
                  | (Okawaru gifted it to you on level 6 of the Lair of Beasts)
 22893 | Lair:6   | Reached skill level 10 in Spellcasting
 23250 | Lair:6   | Reached XP level 14. HP: 81/106 MP: 23/28
 23396 | Lair:6   | Reached skill level 10 in Dodging
 23980 | Lair:6   | Got an encrusted battleaxe
 23987 | Lair:6   | Identified the cursed +1 battleaxe of a Labyrinth {freeze,
                  | rElec Str-5 Dex+7 SInv} (You found it on level 6 of the
                  | Lair of Beasts)
 24322 | Lair:6   | Reached skill level 10 in Stealth
 24908 | D:12     | Received a gift from Okawaru
 25416 | D:12     | Reached skill level 10 in Invocations
 26139 | D:13     | Noticed Azrael
 26202 | Orc:1    | Entered Level 1 of the Orcish Mines
 26202 | Orc:1    | Found a runed translucent gate.
 26202 | Orc:1    | Found a runed translucent gate.
 26202 | Orc:1    | Found a runed translucent gate.
 26271 | Orc:1    | Noticed Useleul's ghost (adept KoBe)
 26274 | Orc:1    | Identified the +3 scimitar of Conscience {pain, Will+
                  | Int+3}
 26274 | Orc:1    | Identified the +7 plate armour of Uheckar {rElec rC+ rN++
                  | Dex-2 SInv}
 26309 | Orc:1    | Found a roughly hewn altar of Beogh.
 26595 | Orc:1    | Found a transporter.
 26596 | Orc:1    | Noticed an orc warlord
 26715 | Orc:1    | DogDanyil: What a CUCKOLD player...
 27194 | Orc:2    | Entered Level 2 of the Orcish Mines
 27397 | Orc:2    | Found a roughly hewn altar of Beogh.
 27415 | Orc:2    | Found a staircase to the Elven Halls.
 27452 | Orc:2    | Found a radiant altar of Vehumet.
 27656 | Orc:2    | Learned a level 2 spell: Blink
 27917 | Orc:2    | Found Libbum's General Store.
 27917 | Orc:2    | Found Zawk's Armour Shop.
 28148 | Orc:2    | Found a roughly hewn altar of Beogh.
 28212 | Orc:2    | Found Hiroile's Magic Scroll Emporium.
 28212 | Orc:2    | Found Ceatug's Weapon Shop.
 28233 | Orc:2    | Bought a scroll of acquirement for 832 gold pieces
 28233 | Orc:2    | Bought a scroll of blinking for 120 gold pieces
 28233 | Orc:2    | Bought a scroll of identify for 32 gold pieces
 28233 | Orc:2    | Bought a scroll of identify for 32 gold pieces
 28234 | Orc:2    | Acquired a +1 pair of gloves of dexterity
 28681 | D:12     | Gained mutation: You are clumsy. (Dex -2) [potion of
                  | mutation]
 28681 | D:12     | Gained mutation: Your spells are a little harder to cast,
                  | but a little more powerful. [potion of mutation]
 29102 | D:14     | Received a gift from Okawaru
 29206 | D:14     | Received a gift from Okawaru
 29332 | D:14     | Cast into level 2 of the Abyss (a wizard)
 29333 | Abyss:2  | Found a corrupted altar of Lugonu.
 29334 | Abyss:2  | Noticed a dread lich
 29510 | Abyss:2  | Noticed a tentacled starspawn
 29520 | Abyss:2  | Noticed a starcursed mass
 29616 | Abyss:2  | Reached XP level 15. HP: 115/115 MP: 29/29
 29726 | D:14     | Escaped the Abyss
 29745 | D:14     | Received a gift from Okawaru
 29920 | D:14     | Noticed Kirke
 29948 | D:14     | Noticed a sphinx
 30037 | D:14     | Found Kuf Jedd's Weapon Boutique.
 30135 | D:14     | Received a gift from Okawaru
 30178 | D:14     | Noticed a sphinx
 30184 | D:14     | Paralysed by a sphinx for 6 turns
 30645 | D:14     | Noticed a sphinx
 30654 | D:14     | Killed Kirke
 31167 | D:15     | Entered Level 15 of the Dungeon
 31365 | D:15     | Found a sparkling altar of Nemelex Xobeh.
 31608 | D:15     | Reached skill level 10 in Fighting
 31608 | D:15     | Reached skill level 10 in Short Blades
 31608 | D:15     | Reached skill level 10 in Long Blades
 31608 | D:15     | Reached skill level 10 in Axes
 31608 | D:15     | Reached skill level 10 in Maces & Flails
 31608 | D:15     | Reached skill level 10 in Polearms
 31608 | D:15     | Reached skill level 10 in Staves
 31608 | D:15     | Reached skill level 10 in Slings
 31608 | D:15     | Reached skill level 10 in Bows
 31608 | D:15     | Reached skill level 10 in Crossbows
 31608 | D:15     | Reached skill level 10 in Throwing
 31608 | D:15     | Reached skill level 10 in Armour
 31608 | D:15     | Reached skill level 10 in Shields
 31608 | D:15     | Reached skill level 10 in Unarmed Combat
 31608 | D:15     | Reached skill level 10 in Evocations
 31637 | D:15     | Found a staircase to the Depths.
 31748 | D:15     | Received a gift from Okawaru
 31763 | D:15     | Got a brightly glowing helmet {god gift}
 31884 | D:15     | Identified the +2 helmet "Ugeidiox" {rC- Int+2 Dex+8
                  | Stlth+} (Okawaru gifted it to you on level 15 of the
                  | Dungeon)
 32098 | D:15     | Found Iptotom's Antique Armour Emporium.
 32482 | D:13     | Killed Azrael
 33671 | D:13     | Reached XP level 16. HP: 123/123 MP: 31/31
 33752 | D:13     | Identified the Disquisition on Unstable Companions
 33854 | D:13     | Found a gate to the Vaults.
 34062 | D:13     | Got a faintly glowing dire flail
 34069 | D:13     | Identified the +1 dire flail of Drought {speed, Str+4 SInv}
                  | (You found it on level 13 of the Dungeon)
 34187 | Elf:1    | Entered Level 1 of the Elven Halls
 34442 | Orc:2    | Received a gift from Okawaru
 35595 | Elf:1    | Received a gift from Okawaru
 36576 | Elf:1    | Upgraded the game from 0.27-a0-277-g024f7ef292 to
                  | 0.27-a0-279-gdfb9265905
 36701 | Elf:2    | Received a gift from Okawaru
 36702 | Elf:2    | Got a dazzling buckler {god gift}
 36870 | Elf:1    | Identified the +3 buckler "Yxze Acho" {rPois Str-3 Int+4
                  | Dex+5} (Okawaru gifted it to you on level 2 of the Elven
                  | Halls)
 37332 | Elf:2    | Killed from afar by a deep elf knight

Illustrated notes

Levels and vault maps discovered:
D:1:      mrwooster_arrival_statue_2, layout_loops_corners
D:2:      layout_basic, uniq_robin, uniq_crazy_yiuf_cottage
D:3:      minmay_wonky_spiral, layout_basic, lemuel_round_altar,
          lemuel_altar_in_water
D:4:      layout_basic, serial_shops, shop, shop, minmay_box_of_dots,
          uniq_sigmund
D:5:      minmay_chambers_of_threes, layout_cave_pods, cheibrodos_worm_habitat,
          grunt_temple_overflow_octagram, minmay_temple_entry_trees,
          basic_altar, xom_confusion_cloud, uniq_grinder
D:6:      minmay_skewed_foursquare, layout_rooms, nicolae_overflow_hidden_temple
D:7:      layout_loops_cross, uniq_joseph
D:8:      layout_cave_pools, grunt_lair_entry_orc_guard_hut,
          ploomutoo_gammafunk_ghost_potion_laboratory
D:9:      layout_irregular_city, nicolae_overflow_crystal_walls
D:10:     layout_stronghold
D:11:     minmay_imperfect_grid, layout_basic, portal_ice_cave_entry_ice_beasts,
          minivault_20
D:12:     layout_loops_corners, hangedman_decor_diamond_cutter
D:13:     minmay_the_grid_triangle_9x9_line_8_mashed
          [minmay_the_grid_triangle_9x9_descending_squares,
          minmay_the_grid_triangle_9x9_cache,
          minmay_the_grid_triangle_9x9_thin_v,
          minmay_the_grid_triangle_9x9_impossible_snake,
          minmay_the_grid_triangle_9x9_flanged_cone,
          minmay_the_grid_triangle_9x9_semitri,
          minmay_the_grid_triangle_9x9_stretched_checkered,
          minmay_the_grid_triangle_9x9_prize_schism], layout_irregular_city,
          uniq_azrael
D:14:     layout_basic, grunt_decor_resistance, serial_shops,
          kennysheep_mini_moat, uniq_kirke
D:15:     hangedman_depths_entry_civil_slaughter, layout_basic, serial_shops,
          shop, lemuel_tele_altar
Temple:   dpeg_chambers_temple
Lair:1:   layout_cave_pods, chequers_serial_rivers_room_b,
          chequers_serial_rivers_marsh, kennysheep_abandoned_house,
          grunt_megastairs_4
Lair:2:   layout_cave_pods, kennysheep_snail_temple, uniq_nergalle
Lair:3:   layout_roguey
Lair:4:   nzn_winding_woodlands_cross [nzn_winding_woodlands_5x15_split_checker,
          nzn_winding_woodlands_5x15_sawtooth,
          nzn_winding_woodlands_5x15_jagged, nzn_winding_woodlands_5x15_zeroes,
          nzn_winding_woodlands_15x15_killbox], layout_regular_city,
          elwin_shoals_entry_stream, minmay_snake_entry_spellcaster
Lair:5:   minmay_lair_venomous_thicket, layout_cave_shapes,
          nicolae_slime_entry_slimehenge, serial_bayou_pond_d,
          grunt_megastairs_5, uniq_rupert
Lair:6:   minmay_lair_end_enchanted_forest, layout_gridlike,
          infiniplex_staircase_pool, grunt_megastairs_2
Orc:1:    gammafunk_beogh_shrine, layout_diamond_mine,
          biasface_ghost_orc_armoury, roderic_batcave, nooodl_orcs_dogs
Orc:2:    st_orc_town, layout_diamond_mine, basic_altar, mines2_david
Elf:1:    minmay_elf_arrival_plus, layout_rooms, hangedman_corner_corridor
Elf:2:    layout_rooms, serial_shops, nicolae_shop_competitors_out_of_business,
          st_stairs_14, glass_columns_b, drop_trap, minmay_fountain_box,
          nicolae_elf_stone_circles

Skill      XL: |  1  2  3  4  5  6  7  8  9 10 11 12 13 14 15 16 |
---------------+-------------------------------------------------+-----
Spellcasting   | 5 6 7 8 9 10 11 | 11.9
Invocations    | 1 2 3 4 5 6 7 8 9 10 11 | 11.9
Fighting       | 1 2 3 4 5 6 7 8 9 10 11 | 11.0
Short Blades   | 1 2 3 4 5 6 7 8 9 10 11 | 11.0
Long Blades    | 1 2 3 4 5 6 7 8 9 10 11 | 11.0
Axes           | 1 2 3 4 5 6 7 8 9 10 11 | 11.0
Maces & Flails | 1 2 3 4 5 6 7 8 9 10 11 | 11.0
Polearms       | 1 2 3 4 5 6 7 8 9 10 11 | 11.0
Staves         | 1 2 3 4 5 6 7 8 9 10 11 | 11.0
Slings         | 1 2 3 4 5 6 7 8 9 10 11 | 11.0
Bows           | 1 2 3 4 5 6 7 8 9 10 11 | 11.0
Crossbows      | 1 2 3 4 5 6 7 8 9 10 11 | 11.0
Throwing       | 1 2 3 4 5 6 7 8 9 10 11 | 11.0
Armour         | 1 2 3 4 5 6 7 8 9 10 11 | 11.0
Shields        | 1 2 3 4 5 6 7 8 9 10 11 | 11.0
Unarmed Combat | 1 2 3 4 5 6 7 8 9 10 11 | 11.0
Evocations     | 1 2 3 4 5 6 7 8 9 10 11 | 11.0
Conjurations   | 1 2 3 4 5 6 7 8 9 |  9.3
Hexes          | 1 2 3 4 5 6 7 8 9 |  9.3
Necromancy     | 1 2 3 4 5 6 7 8 9 |  9.3
Translocations | 1 2 3 4 5 6 7 8 9 |  9.3
Transmutations | 1 2 3 4 5 6 7 8 9 |  9.3
Fire Magic     | 1 2 3 4 5 6 7 8 9 |  9.3
Ice Magic      | 1 2 3 4 5 6 7 8 9 |  9.3
Air Magic      | 1 2 3 4 5 6 7 8 9 |  9.3
Earth Magic    | 1 2 3 4 5 6 7 8 9 |  9.3
Poison Magic   | 1 2 3 4 5 6 7 8 9 |  9.3
Dodging        | 5 6 7 8 9 10 11 | 11.8
Stealth        | 5 6 7 8 9 10 11 | 11.7
Summonings     | 8 9 10 11 | 11.5

Action                   |  1- 3 |  4- 6 |  7- 9 | 10-12 | 13-15 | 16-18 || total
-------------------------+-------+-------+-------+-------+-------+-------++-------
Melee: Unarmed           |    36 |       |       |       |     5 |       ||    41
       Short sword       |    91 |    11 |       |       |       |       ||   102
       Bite              |     7 |     8 |    30 |    84 |   212 |    47 ||   388
       Punch             |     1 |     1 |       |    13 |       |       ||    15
       Dagger            |       |    62 |   339 |   479 |       |       ||   880
       Scimitar          |       |       |       |   318 |   111 |       ||   429
       Demon blade       |       |       |       |       |  1521 |   463 ||  1984
Throw: Javelin           |       |       |       |       |     8 |       ||     8
       Dart              |       |       |       |       |     4 |       ||     4
 Cast: Summon Small Mamm |    12 |     2 |    12 |     2 |    14 |       ||    42
       Call Imp          |     6 |    12 |    26 |     5 |       |       ||    49
       Call Canine Famil |       |       |    16 |    11 |     1 |     2 ||    30
       Summon Guardian G |       |       |     5 |    15 |       |       ||    20
       Summon Ice Beast  |       |       |       |    46 |    48 |       ||    94
       Summon Lightning  |       |       |       |    14 |    14 |       ||    28
       Fireball          |       |       |       |     4 |       |       ||     4
Invok: Finesse           |       |       |       |       |     1 |     1 ||     2
       Heroism           |       |       |       |       |     2 |       ||     2
Evoke: Wand              |       |       |       |     2 |     4 |       ||     6
       Condenser vane    |       |       |       |       |     2 |       ||     2
  Use: Scroll            |     1 |    11 |     5 |    20 |    17 |     6 ||    60
       Potion            |       |       |       |     5 |    11 |     2 ||    18
 Stab: Sleeping          |     6 |     9 |     8 |    25 |    37 |     3 ||    88
       Distracted        |       |       |     3 |     8 |    11 |       ||    22
       Invisible         |       |       |       |     1 |       |       ||     1
       Petrified         |       |       |       |       |     2 |       ||     2
Armor: Robe              |    19 |    12 |       |       |       |       ||    31
       Steam dragon scal |       |     2 |   136 |   222 |   521 |   110 ||   991
Dodge: Dodged            |   114 |    43 |   255 |   581 |  1176 |   279 ||  2448
Block: Buckler           |       |       |       |    63 |   184 |    26 ||   273
       Kite shield       |       |       |       |       |   615 |   177 ||   792
       Rpst.: Scimitar   |       |       |       |    66 |    17 |       ||    83
       Demon blade       |       |       |       |       |   282 |    64 ||   346

Table legend: (Time is in decaauts)
 A = Elapsed time spent in this place.
 B = Non-inter-level travel time spent in this place.
 C = Inter-level travel time spent in this place.
 D = Time resting spent in this place.
 E = Time spent auto-exploring this place.
 F = Levels seen in this place.
 G = Mean time per level.
                   A        B        C        D        E       F      G
               +--------+--------+--------+--------+--------+-----+--------+
         Total |  37039 |  35186 |   1853 |   8346 |  16855 |  29 | 1277.2 |
       Dungeon |  22074 |  20718 |   1356 |   5108 |  10221 |  15 | 1471.6 |
        Temple |    250 |    230 |     20 |      0 |    226 |   1 |  250.0 |
          Lair |   8515 |   8185 |    330 |   1440 |   4634 |   6 | 1419.2 |
  Orcish Mines |   3232 |   3100 |    132 |    971 |   1021 |   2 | 1616.0 |
   Elven Halls |   2287 |   2273 |     14 |    664 |    752 |   2 | 1143.5 |
         Abyss |    646 |    646 |      0 |    163 |      0 |   2 |  323.0 |
      Ice Cave |     32 |     32 |      0 |      0 |      0 |   1 |   32.0 |
               +--------+--------+--------+--------+--------+-----+--------+

Top non-repeatable levels by time:
     D:2: 2565 daAuts
    D:11: 2286 daAuts
   Orc:2: 2234 daAuts
    D:13: 2150 daAuts
  Lair:6: 1962 daAuts
    D:14: 1725 daAuts
    D:12: 1696 daAuts
     D:4: 1678 daAuts
   Elf:1: 1676 daAuts
  Lair:5: 1560 daAuts
    D:10: 1503 daAuts
  Lair:4: 1466 daAuts
     D:5: 1419 daAuts
     D:8: 1307 daAuts
  Lair:1: 1299 daAuts
